 Dungeon Crawl Stone Soup version 0.28-a0-1206-g193881aaa2 (webtiles) character file.

Game seed: 5359923782007414928

9937 bande the Cleaver (level 11, -8/69 HPs)
             Began as a Gargoyle Fighter on Dec 21, 2021.
             Was a Priest of Okawaru.
             Engulfed by a fire crab's flame (20 damage)
             ... in a Gauntlet.
             The game lasted 00:24:12 (11475 turns).

bande the Cleaver (Gargoyle Fighter)               Turns: 11475, Time: 00:24:12

Health: -8/69      AC: 30    Str: 21    XL:     11   Next: 54%
Magic:  14/14      EV:  7    Int:  8    God:    Okawaru [***...]
Gold:   1361       SH:  5    Dex: 13    Spells: 10/10 levels left

rFire   . . .      SeeInvis .   a - +0 war axe (spect)
rCold   . . .      Faith    .   c - +0 buckler
rNeg    + . .      Spirit   .   v - +0 plate armour
rPois   ∞          Reflect  .   j - +1 helmet
rElec   +          Harm     .   o - +0 cloak
rCorr   .          Rampage  .   (no gloves)
Will    .....      NoTele   +   (no boots)
Stlth   ..........              (no amulet)
HPRegen 0.21/turn               E - +4 ring of protection
MPRegen 0.14/turn               (no ring)

@: no status effects
A: sickness immunity, AC +8, negative energy resistance 1, electricity
resistance, torment resistance 1, petrification resistance
a: Renounce Religion, Heroism


You were in a Gauntlet.
You worshipped Okawaru.
Okawaru was most pleased with you.
You visited 3 branches of the dungeon, and saw 10 of its levels.
You also visited: Gauntlet.

You collected 1361 gold pieces.

Inventory:

Hand Weapons
 a - a +0 spectral war axe (weapon)
 n - the +9 mace of the Glimmering Augurer {pain, rF+}
   (You found it on level 4 of the Dungeon)

   In the hands of one skilled in necromantic magic, it inflicts extra damage on
   living creatures.
   rF:        It protects you from fire.
 D - a +1 scimitar of flaming
Armour
 b - a +2 scale mail of cold resistance
 c - a +0 buckler (worn)
 j - a +1 helmet (worn)
 o - a +0 cloak (worn)
 v - a +0 plate armour (worn)
Jewellery
 e - a ring of wizardry
 i - a ring of magical power
 q - an amulet of magic regeneration
 C - a ring of flight
 E - a +4 ring of protection (left hand)
Wands
 y - a wand of acid (4)
Scrolls
 f - 3 scrolls of brand weapon
 h - 2 scrolls of fear
 p - a scroll of enchant armour
 r - 3 scrolls of identify
 t - a scroll of summoning
 z - a scroll of acquirement
Potions
 d - a potion of might
 g - 4 potions of heal wounds
 k - 2 potions of invisibility {unknown}
 l - 2 potions of flight
 m - 2 potions of curing
 s - a potion of attraction {unknown}
 u - 2 potions of mutation {unknown}
 w - a potion of haste {unknown}
 A - a potion of resistance {unknown}


   Skills:
 + Level 8.7 Fighting
 + Level 11.8 Axes
 + Level 9.6 Armour
 + Level 6.0 Shields
 * Level 4.2 Invocations


You had 10 spell levels left.
You didn't know any spells.
Your spell library contained the following spells:

 Spells                   Type           Power      Damage    Failure   Level
 Passwall                 Tmut/Erth      0%         N/A       100%        2
 Swiftness                Air            0%         N/A       100%        3


Dungeon Overview and Level Annotations

Branches:
Dungeon (8/15)             Temple (1/1) D:7            Lair (1/6) D:8
Gauntlet (1/1)

Altars:
Dithmenos
Gozag
Nemelex Xobeh
Okawaru
Trog
Vehumet
Yredelemnul

Annotations:
D:6 1 runed translucent door Gauntlet 10 runed translucent doors, 5 transporters


Innate Abilities, Weirdness & Mutations

You are immune to sickness and miasma.
Your stone body is resilient. (AC +8)
You are immune to poison.
You resist negative energy. (rN+)
You are resistant to electric shocks. (rElec)
You are resistant to unholy torment.
You are immune to petrification.


Message History

You barely miss the fire crab.
Your +0 spectral war axe hits the fire crab but does no damage.
Your +0 spectral war axe hits the fire bat.
The fire bat bites your +0 spectral war axe but does no damage.
The fire bat misses your +0 spectral war axe.
The fire crab bites you!
You are engulfed in flames!
The fire crab claws you but does no damage.
You swap places.
Found a transporter.
The fire bat barely misses you.
The fire bat bites you but does no damage.
The fire crab closely misses you.
The fire crab claws you but does no damage.
Unknown command.
The fire bat bites you but does no damage.
You block the fire bat's attack. x2
The fire crab breathes flames at you.
The blast of flame engulfs you but does no damage.
You are engulfed in blazing flames.
The fire bat bites you but does no damage.
You block the fire bat's attack.
The fire bat bites you but does no damage. x3
Unknown command.
You slice the fire bat!!
You kill the fire bat!
Okawaru accepts your kill.
You hit the fire bat. You slash the fire crab!
Your +0 spectral war axe hits the fire bat!
You are engulfed in blazing flames.
* * * LOW HITPOINT WARNING * * *
The fire bat bites you but does no damage.
The fire bat bites you.
* * * LOW HITPOINT WARNING * * *
You are engulfed in flames.
* * * LOW HITPOINT WARNING * * *
The fire crab bites you but does no damage.
The fire crab claws you but does no damage.
You miss the fire bat. You hit the fire crab but do no damage.
Your +0 spectral war axe hits the fire crab!
Your +0 spectral war axe completely misses the fire bat.
You are engulfed in blazing flames.
You die...

P#..#.##.#.B##.©#.#...#
.....#.###..#.####.#p#..
.....#.#..#B##..##.#p55.
########################
©...........©#≈≈≈§8≈≈≈≈#
.#######################
.#≈§8≈≈#©.........©.....
.#######################
.#?.#°°@b°.#.#....©)...#
.#...#°(t°°#.#..##.##..#
.#...#.°.°##.#.#..#..#.#
.#!..b#©##.#.#.#..#..#.#
©#©..###.°.#.#..#####..#
##.##.#..°°#.#.#.©#..#.#
.# ....#..°#.#.#..#..#.#
. ..... ...#.#..##.##..#
.#..... #..#.#.........#


You could see a fire crab, a death scarab, 2 fire bats and a friendly +0
spectral war axe (summoned, wandering).

Vanquished Creatures
  Erica (D:8)
  Pikel (D:6)
  A centaur zombie (D:7)
  4 cane toads (Lair:1)
  Prince Ribbit (D:6)
  4 hornets
  3 redbacks
  Eustachio (D:4)
  2 fire bats (Gauntlet)
  5 yaks (D:8)
  3 wargs (D:8)
  4 water moccasins
  Duvessa (D:6)
  3 orc warriors
  2 black bears
  4 ogres
  A kobold brigand (D:6)
  2 bullfrogs
  A wyvern zombie (D:7)
  13 scorpions
  2 water moccasin skeletons (D:6)
  Dowan (D:6)
  7 killer bees (D:6)
  12 wights
  A howler monkey (D:5)
  2 electric eels (D:7)
  3 orc priests
  Crazy Yiuf (D:4)
  A bullfrog skeleton (D:6)
  A hound (D:5)
  6 iguanas
  3 jellies
  A gnoll shaman (D:5)
  7 orc wizards
  Natasha (twice) (D:4)
  A killer bee zombie (D:8)
  2 hound skeletons
  Robin (D:2)
  4 gnolls (D:5)
  10 adders
  A shadow imp (D:6)
  An ufetubus (D:5)
  An adder skeleton (D:2)
  3 worms
  3 dart slugs
  15 orcs
  7 bats
  7 endoplasms
  2 giant cockroaches (D:1)
  12 goblins
  10 hobgoblins
  4 jackals (D:1)
  10 ball pythons
  6 frilled lizards
  20 kobolds
  6 rats
233 creatures vanquished.

Vanquished Creatures (collateral kills)
  Edmund (D:4)
1 creature vanquished.

Vanquished Creatures (others)
  An orc wizard (D:7)
  5 fungi (Gauntlet)
  12 plants
  3 withered plants (Gauntlet)
21 creatures vanquished.

Grand Total: 255 creatures vanquished

Notes
Turn   | Place    | Note
-------+----------+-------------------------------------------
     0 | D:1      | bande the Gargoyle Fighter began the quest for the Orb.
     0 | D:1      | Reached XP level 1. HP: 14/14 MP: 1/1
   171 | D:1      | Reached XP level 2. HP: 15/19 MP: 2/2
   293 | D:1      | You fall into a shaft and drop 1 floor!
   298 | D:2      | Reached skill level 2 in Axes
   304 | D:2      | Reached XP level 3. HP: 19/23 MP: 3/3
   726 | D:1      | Found a faded altar of an unknown god.
  1169 | D:2      | Reached XP level 4. HP: 29/29 MP: 4/4
  1223 | D:2      | Reached skill level 3 in Axes
  1578 | D:2      | Found a bloodstained altar of Trog.
  1665 | D:2      | Noticed Robin
  1670 | D:2      | Reached XP level 5. HP: 27/33 MP: 5/5
  1682 | D:2      | Killed Robin
  2716 | D:4      | Noticed Edmund
  2721 | D:4      | Killed Edmund
  2722 | D:4      | Reached skill level 4 in Axes
  2722 | D:4      | Reached XP level 6. HP: 35/39 MP: 6/6
  2766 | D:4      | Found a runed translucent door.
  2767 | D:4      | Noticed Crazy Yiuf
  2768 | D:4      | Identified the +9 mace of the Glimmering Augurer {pain,
                  | rF+}
  2776 | D:4      | Paralysed by Crazy Yiuf for 6 turns
  2783 | D:4      | Killed Crazy Yiuf
  3239 | D:4      | Noticed Natasha
  3242 | D:4      | Killed Natasha
  3282 | D:4      | Noticed Eustachio
  3289 | D:4      | Killed Eustachio
  3290 | D:4      | Reached skill level 5 in Axes
  3290 | D:4      | Reached XP level 7. HP: 44/44 MP: 7/7
  3420 | D:4      | Found a radiant altar of Vehumet.
  3490 | D:4      | Noticed Natasha
  3495 | D:4      | Killed Natasha
  3517 | D:4      | Reached skill level 5 in Armour
  3617 | D:4      | Reached skill level 5 in Fighting
  3993 | D:5      | Entered Level 5 of the Dungeon
  4001 | D:5      | Reached skill level 6 in Axes
  4018 | D:5      | Reached XP level 8. HP: 39/49 MP: 8/8
  5082 | D:5      | Reached skill level 7 in Axes
  5098 | D:5      | Identified the +0 robe of a ziggurat {Str+2 Archmagi}
  5181 | D:6      | Noticed Pikel
  5404 | D:6      | Killed Pikel
  5405 | D:6      | Reached XP level 9. HP: 28/55 MP: 9/9
  5677 | D:6      | Reached skill level 8 in Axes
  5900 | D:6      | Found a runed translucent door.
  5915 | D:6      | Found a runed translucent gate.
  5943 | D:6      | Found the +9 staff of Olgreb {rPois∞}
  5945 | D:6      | Found a runed translucent door.
  5949 | D:6      | Noticed Prince Ribbit
  5962 | D:6      | Killed Prince Ribbit
  6120 | D:6      | Noticed Duvessa
  6120 | D:6      | Noticed Dowan
  6127 | D:6      | Killed Dowan
  6133 | D:6      | Killed Duvessa
  6462 | D:6      | Found a runed translucent gate.
  6462 | D:6      | Found a runed translucent gate.
  6592 | D:6      | Reached skill level 9 in Axes
  7230 | D:5      | Reached XP level 10. HP: 43/63 MP: 10/10
  7232 | D:5      | Reached skill level 5 in Shields
  7720 | D:6      | Reached skill level 10 in Axes
  8840 | D:7      | Found a staircase to the Ecumenical Temple.
  8860 | Temple   | Entered the Ecumenical Temple
  8870 | Temple   | Became a worshipper of Warmaster Okawaru
  9160 | D:7      | Reached skill level 1 in Invocations
  9750 | D:8      | Reached * piety under Okawaru
  9897 | D:8      | Found a staircase to the Lair.
  9907 | D:8      | Reached XP level 11. HP: 31/68 MP: 12/12
  9913 | D:8      | Reached skill level 11 in Axes
  9914 | D:8      | Reached ** piety under Okawaru
 10138 | D:8      | Found a basalt altar of Yredelemnul.
 10553 | D:8      | Noticed Erica
 10568 | D:8      | Killed Erica
 11030 | Lair:1   | Entered Level 1 of the Lair of Beasts
 11039 | Lair:1   | Reached *** piety under Okawaru
 11057 | Lair:1   | Identified 2 scrolls of acquirement
 11057 | Lair:1   | Acquired 957 gold pieces
 11282 | Lair:1   | Found a gate leading to a gauntlet.
 11296 | Gauntlet | Entered a Gauntlet
 11296 | Gauntlet | Found a transporter.
 11303 | Gauntlet | Found a large runed translucent door.
 11317 | Gauntlet | Noticed a fire crab
 11442 | Gauntlet | Found a large runed translucent door.
 11443 | Gauntlet | Found a large runed translucent door.
 11443 | Gauntlet | Found a large runed translucent door.
 11444 | Gauntlet | Found a runed translucent door.
 11444 | Gauntlet | Found a runed translucent door.
 11444 | Gauntlet | Found a large runed translucent door.
 11444 | Gauntlet | Found a large runed translucent door.
 11444 | Gauntlet | Found a transporter.
 11444 | Gauntlet | Found a large runed translucent door.
 11444 | Gauntlet | Found a large runed translucent door.
 11444 | Gauntlet | Found a transporter.
 11445 | Gauntlet | Found a transporter.
 11446 | Gauntlet | Found a transporter.
 11448 | Gauntlet | Noticed a wizard
 11452 | Gauntlet | Noticed a wizard
 11456 | Gauntlet | Noticed a death scarab
 11458 | Gauntlet | Found a transporter.
 11466 | Gauntlet | Found a transporter.
 11471 | Gauntlet | Found a transporter.
 11475 | Gauntlet | Engulfed by a fire crab's flame

Illustrated notes

Levels and vault maps discovered:
D:1:      dpeg_arrival_leaves_temple_mockup, layout_loops_ring,
          ebering_ecumenical_altar_webs, supply_closet_lemuel
D:2:      layout_basic, basic_altar, uniq_robin
D:3:      layout_loops_corners
D:4:      layout_cave_pods, kennysheep_mini_moat, grunt_ministairs_7,
          uniq_edmund, uniq_eustachio, uniq_natasha, uniq_crazy_yiuf_cottage
D:5:      nicolae_cairo_tiling_very_big, layout_basic
D:6:      layout_basic, st_stairs_13, minmay_guarded_unrand_staff_of_olgreb,
          uniq_duvessa, uniq_prince_ribbit1, uniq_pikel
D:7:      statuecave_lemuel, layout_basic, minmay_temple_entry_statues_pillars
D:8:      layout_loops_corners, lemuel_crystal_altar, erik_lair_orcish_takeover,
          hangedman_glass_teeth, uniq_erica
Temple:   eino_temple_scatter_basement
Lair:1:   layout_regular_city, gauntlet_entry_generic, grunt_megastairs_1,
          serial_bayou_shore_b
Gauntlet: gammafunk_gauntlet_one_two_three [nicolae_gauntlet_arena_quarters,
          nicolae_gauntlet_swirl, minmay_gauntlet_arena_make_your_own_arena,
          gammafunk_gauntlet_arena_teeth, gammafunk_gauntlet_arena_hedges,
          gammafunk_gauntlet_arena_mazey, nicolae_gauntlet_arena_grate_2,
          nicolae_gauntlet_arena_x, gammafunk_gauntlet_arena_split_diamond,
          gauntlet_exit_watery]

Skill      XL: |  1  2  3  4  5  6  7  8  9 10 11 |
---------------+----------------------------------+-----
Axes           | 2 3 4 5 6 7 9 10 11 | 11.8
Armour         | 4 5 7 8 9 |  9.6
Fighting       | 4 5 6 7 8 |  8.7
Shields        | 4 5 6 |  6.0
Invocations    | 2 4 |  4.2

Action                   |  1- 3 |  4- 6 |  7- 9 | 10-12 || total
-------------------------+-------+-------+-------+-------++-------
Melee: War axe           |   110 |   124 |   139 |   303 ||   676
  Use: Scroll            |     2 |     2 |     5 |     5 ||    14
       Potion            |       |       |       |     2 ||     2
 Stab: Distracted        |       |     1 |     1 |     3 ||     5
Armor: Scale mail        |    72 |    56 |    56 |       ||   184
       Plate armour      |       |       |    30 |   256 ||   286
Dodge: Dodged            |    59 |    44 |    57 |    79 ||   239
Block: Buckler           |    24 |    26 |    37 |    69 ||   156

Table legend: (Time is in decaauts)
 A = Elapsed time spent in this place.
 B = Non-inter-level travel time spent in this place.
 C = Inter-level travel time spent in this place.
 D = Time resting spent in this place.
 E = Time spent auto-exploring this place.
 F = Levels seen in this place.
 G = Mean time per level.
                   A        B        C        D        E       F      G
               +--------+--------+--------+--------+--------+-----+--------+
         Total |  11594 |  11574 |     20 |   2570 |   6642 |  11 | 1054.0 |
       Dungeon |  11126 |  11106 |     20 |   2450 |   6433 |   8 | 1390.8 |
        Temple |     25 |     25 |      0 |      0 |      1 |   1 |   25.0 |
          Lair |    265 |    265 |      0 |      0 |    201 |   1 |  265.0 |
      Gauntlet |    176 |    176 |      0 |    120 |      7 |   1 |  176.0 |
               +--------+--------+--------+--------+--------+-----+--------+

Top non-repeatable levels by time:
     D:6: 2426 daAuts
     D:5: 1913 daAuts
     D:8: 1370 daAuts
     D:7: 1320 daAuts
     D:4: 1306 daAuts
     D:1: 1014 daAuts
     D:3: 917 daAuts
     D:2: 856 daAuts
  Lair:1: 265 daAuts
Gauntlet: 176 daAuts
  Temple: 25 daAuts
